 Dungeon Crawl Stone Soup version 0.29-a0-559-g359e09b9d1 (webtiles) character file.

Game seed: 11496345219228201904

3503 YayAnonymity the Carver (level 9, -4/65 HPs)
             Began as a Demonspawn Fighter on June 6, 2022.
             Was an Initiate of Gozag.
             Slain by Erica
             ... wielding a +1 scimitar of flaming
              (5 damage)
             ... on level 8 of the Dungeon on June 10, 2022.
             The game lasted 00:11:51 (7256 turns).

YayAnonymity the Carver (Demonspawn Fighter)        Turns: 7256, Time: 00:11:52

Health: -4/65      AC: 11    Str: 20    XL:     9   Next: 80%
Magic:  9/9        EV: 11    Int: 10    God:    Gozag
Gold:   1450       SH:  9    Dex: 13    Spells: 8/8 levels left

rFire   + . .      SeeInvis .   b - +7 Throatcutter {drain, coup de grace}
rCold   . . .      Faith    .   c - +0 kite shield
rNeg    . . .      Spirit   .   d - +1 ring mail {rF+}
rPois   .          Reflect  .   (no helmet)
rElec   .          Harm     .   l - +0 cloak
rCorr   .          Rampage  .   h - +0 pair of gloves
Will    .....                   (no boots)
Stlth   +.........              (no amulet)
HPRegen 0.20/turn               j - ring of wizardry
MPRegen 0.11/turn               (no ring)

@: lethally poisoned (-4 -> -7), about to teleport, slowed, very slow
A: yellow scales 1, ignite blood 3, powered by death 1
a: Renounce Religion, Potion Petition, Call Merchant, Bribe Branch


You were on level 8 of the Dungeon.
You worshipped Gozag.
Gozag was most pleased with you.
You visited 2 branches of the dungeon, and saw 10 of its levels.
You also visited: Sewer.

You collected 1495 gold pieces.
You paid 45 gold pieces to Gozag.

Inventory:

Hand Weapons
 a - a +0 trident
 b - the +7 Throatcutter (weapon) {drain, coup de grace}
   (You found it on level 3 of the Dungeon)

   A truly terrible weapon, it drains the life of any living foe it strikes.
   It may instantly kill foes which have little health.
 y - a +6 long sword
Missiles
 i - 2 poisoned darts (quivered)
 r - a throwing net
Armour
 c - a +0 kite shield (worn)
 d - a +1 ring mail of fire resistance (worn)
 h - a +0 pair of gloves (worn)
 l - a +0 cloak (worn)
Jewellery
 j - a ring of wizardry (left hand)
Wands
 u - a wand of flame (9)
Scrolls
 f - a scroll of torment
 g - 2 scrolls of teleportation
 m - 2 scrolls of immolation
 t - 3 scrolls of magic mapping
 C - a scroll of identify
Potions
 e - 9 potions of curing
 k - 5 potions of heal wounds
 n - 2 potions of lignification
 o - 2 potions of attraction {unknown}
 p - a potion of degeneration {unknown}
 q - 4 potions of brilliance
 s - 5 potions of haste
 v - 2 potions of mutation {unknown}
 w - 3 potions of cancellation
 x - a potion of invisibility {unknown}
 z - a potion of magic {unknown}
 A - a potion of berserk rage {unknown}
 B - a potion of might


   Skills:
 - Level 4.0 Fighting
 * Level 10.4 Long Blades
 - Level 3.1 Polearms
 - Level 4.0 Armour
 - Level 5.0 Dodging
 - Level 4.0 Shields


You had 8 spell levels left.
You didn't know any spells.
Your spell library contained the following spells:

 Spells                   Type           Power      Damage    Failure   Level
 Sandblast                Erth           0%         2d4       56%         1
 Shock                    Conj/Air       0%         1d3       56%         1
 Passwall                 Tmut/Erth      0%         N/A       69%         2
 Static Discharge         Conj/Air       0%         N/A       69%         2
 Stone Arrow              Conj/Erth      0%         3d7       89%         3
 Swiftness                Air            0%         N/A       89%         3
 Airstrike                Air            0%         N/A       99%         4
 Dispel Undead            Necr           0%         3d6       99%         4
 Sticky Flame             Conj/Fire      0%         2d3       99%         4
 Summon Lightning Spire   Summ/Air       0%         N/A       99%         4
 Lightning Bolt           Conj/Air       0%         1d11      100%        5


Dungeon Overview and Level Annotations

Branches:
Dungeon (9/15)             Temple (1/1) D:5           Sewer (visited)
   Lair: D:8-11         Orc: D:9-12

Altars:
Ashenzari
Cheibriados
Dithmenos
Elyvilon
Fedhas
Gozag
Hepliaklqana
Kikubaaqudgha
Makhleb
Nemelex Xobeh
Okawaru
Qazlal
Ru
Sif Muna
Trog
Uskayaw
Vehumet
Wu Jian
Yredelemnul
Zin
The Shining One

Annotations:
D:8 Erica


Innate Abilities, Weirdness & Mutations

You are partially covered in yellow scales. (AC +2)
Your demonic aura causes all spilled blood to erupt in flames.
You regenerate a little health from kills.


Message History

You start resting.
HP restored.
You start waiting.
You feel yourself speed up.
You climb upwards.
Level annotation: Erica Erica casts a spell at you.
You resist with significant effort.
There is a stone staircase leading down here.
You closely miss Erica. Erica gestures at you while chanting.
You feel yourself slow down.
You barely miss Erica.
Erica hits you with a +1 scimitar of flaming.
Erica mumbles some strange words.
Erica flickers and vanishes!
Deactivating autopickup; reactivate with Ctrl-A.
No target in view!
You miss something. You block something's attack.
You hear some strange, mumbled words.
A bolt of poison appears from out of thin air!
The bolt of poison hits you!
You are poisoned.
You closely miss something.
You feel very sick. Something hits you! Something burns you.
You miss something.
You feel very sick. Something hits you. Something burns you.
As you read the scroll of teleportation, it crumbles to dust.
You feel strangely unstable.
You feel sick. Something hits you but does no damage. Something hits you.
* * * LOW HITPOINT WARNING * * *
You slash something!
You feel sick. Something hits you!
* * * LOW HITPOINT WARNING * * *
Something burns you.
* * * LOW HITPOINT WARNING * * *
Something hits you.
You die...
Your body crumbles into a pile of gold.

#..##.###. #..##.####
##############.........
.......................
####.).....#..##.###.
#....).....#.........
#.##.........^.######
#. #.......##..# # ###.
#@ยง.....##..#
#.#.#.##.{.....##..#
#..?.#.......####..#
##......#####.# #..#
#.........# #.# ...
##......#.# .# #..
#....#.#.# #.......#.#
##.####.#.#


There were no monsters in sight!

Vanquished Creatures
  A two-headed ogre (D:8)
  A steam dragon (D:8)
  A water moccasin (D:7)
  3 sky beasts
  3 ogres
  3 black bears (D:7)
  3 centaurs
  A phantom (D:4)
  A bullfrog (D:7)
  A gnoll sergeant (D:6)
  5 wights (D:6)
  2 scorpions
  3 gnoll shamans
  6 jellies
  9 hounds
  5 iguanas
  Ijyb (D:4)
  16 gnolls
  11 adders
  2 river rats
  4 white imps
  A worm (D:2)
  11 orcs
  16 endoplasms
  12 giant cockroaches
  3 goblins
  5 hobgoblins
  4 jackals (D:4)
  13 kobolds
  3 quokkas
  6 ball pythons
  2 bats
  2 frilled lizards
  7 rats
167 creatures vanquished.

Notes
Turn   | Place    | Note
-------+----------+-------------------------------------------
     0 | D:1      | YayAnonymity the Demonspawn Fighter began the quest for the
                  | Orb.
     0 | D:1      | Reached XP level 1. HP: 18/18 MP: 1/1
   746 | D:2      | Gained mutation: Your demonic aura sometimes causes spilled
                  | blood to erupt in flames. [demonic ancestry]
   746 | D:2      | Reached XP level 2. HP: 24/24 MP: 2/2
   866 | D:2      | You fall into a shaft and drop 2 floors!
   884 | D:4      | Noticed a scorpion
   887 | D:4      | Killed a scorpion
   888 | D:4      | Reached skill level 1 in Dodging
   888 | D:4      | Reached XP level 3. HP: 29/29 MP: 3/3
   888 | D:4      | Reached XP level 4. HP: 35/35 MP: 4/4
   946 | D:4      | Found a sacrificial altar of Ru.
   953 | D:4      | Found an opulent altar of Gozag.
   956 | D:4      | Found a snail-covered altar of Cheibriados.
   967 | D:4      | Became a worshipper of Gozag Ym Sagoz the Greedy
  1483 | D:2      | Found a faded altar of an unknown god.
  2105 | D:3      | Upgraded the game from 0.29-a0-553-g81b289dbe5 to
                  | 0.29-a0-559-g359e09b9d1
  2214 | D:3      | Gained mutation: You are partially covered in yellow
                  | scales. (AC +2) [demonic ancestry]
  2214 | D:3      | Reached XP level 5. HP: 40/41 MP: 5/5
  2534 | D:3      | Found the +7 Throatcutter {drain, coup de grace}
  3015 | D:4      | Reached skill level 1 in Long Blades
  3017 | D:4      | Reached XP level 6. HP: 44/48 MP: 6/6
  3080 | D:4      | Reached skill level 2 in Long Blades
  3187 | D:4      | Noticed Ijyb
  3195 | D:4      | Killed Ijyb
  3229 | D:4      | Gained mutation: Your demonic aura often causes spilled
                  | blood to erupt in flames. [demonic ancestry]
  3229 | D:4      | Reached XP level 7. HP: 53/54 MP: 7/7
  3361 | D:5      | Entered Level 5 of the Dungeon
  3620 | D:5      | Reached skill level 3 in Long Blades
  3754 | D:5      | Found a glowing drain.
  3758 | Sewer    | Entered a sewer
  4115 | Sewer    | Reached skill level 4 in Long Blades
  4148 | Sewer    | Found a viscous altar of Jiyva.
  4390 | D:5      | Found a radiant altar of Vehumet.
  4396 | D:5      | Found a staircase to the Ecumenical Temple.
  4408 | Temple   | Entered the Ecumenical Temple
  4527 | D:5      | Found a bloodstained altar of Trog.
  5299 | D:6      | Gained mutation: You regenerate a little health from kills.
                  | [demonic ancestry]
  5299 | D:6      | Reached XP level 8. HP: 53/60 MP: 8/8
  5398 | D:6      | Reached skill level 5 in Long Blades
  5885 | D:6      | Reached skill level 6 in Long Blades
  6110 | D:6      | Found a blossoming altar of Fedhas.
  6114 | D:6      | Reached skill level 5 in Dodging
  6115 | D:6      | Reached skill level 7 in Long Blades
  6409 | D:7      | Gained mutation: Your demonic aura causes all spilled blood
                  | to erupt in flames. [demonic ancestry]
  6409 | D:7      | Reached XP level 9. HP: 53/65 MP: 9/9
  6618 | D:7      | Reached skill level 8 in Long Blades
  6848 | D:7      | Reached skill level 9 in Long Blades
  7080 | D:8      | Noticed a two-headed ogre
  7089 | D:8      | Killed a two-headed ogre
  7090 | D:8      | Reached skill level 10 in Long Blades
  7107 | D:8      | Noticed Erica
  7256 | D:8      | HP: 1/65 [something (3)]
  7256 | D:8      | Slain by Erica

Illustrated notes

Levels and vault maps discovered:
D:1:      elethiomel_arrival_fortress_basement, layout_loops_cross
D:2:      layout_basic, dreamdust_ecumenical_altar_angels_and_demons
D:3:      layout_loops_ring, chequers_mini_garden,
          dilly_guarded_unrand_throatcut
D:4:      layout_loops_ring, minitemple, uniq_ijyb
D:5:      layout_basic, mainiacjoe_overflow_large_starburst,
          minmay_temple_entry_statues, gup_sewer_entry_spiral,
          kennysheep_generic_room_7
D:6:      layout_gridville, mainiacjoe_overflow_alcove_1,
          hangedman_decor_slide_cut, nicolae_underground_beach
D:7:      layout_basic, kennysheep_generic_room_5
D:8:      layout_loops_ring, kennysheep_decorative_pillar, uniq_erica
D:9:      layout_gridville, xom_teletrap_fun, dpeg_oklobed_lair,
          minmay_orc_entry_temple_small, ebering_ghost_rock_garden
Temple:   eino_wide_crystal_templ

Skill      XL: |  1  2  3  4  5  6  7  8  9 |
---------------+----------------------------+-----
Polearms       | 2 3 |  3.1
Armour         | 3 4 |  4.0
Dodging        | 1 2 3 5 |  5.0
Shields        | 3 4 |  4.0
Long Blades    | 1 2 4 7 10 | 10.4
Fighting       | 4 |  4.0

Action                   |  1- 3 |  4- 6 |  7- 9 || total
-------------------------+-------+-------+-------++-------
Melee: Trident           |    44 |   137 |       ||   181
       Long sword        |       |    48 |   218 ||   266
Throw: Dart              |       |       |     2 ||     2
  Use: Potion            |     1 |       |       ||     1
       Scroll            |       |     6 |     8 ||    14
 Stab: Distracted        |       |     1 |     2 ||     3
Armor: Chain mail        |    13 |       |       ||    13
       Scale mail        |     4 |       |       ||     4
       Ring mail         |       |    66 |    98 ||   164
Dodge: Dodged            |    21 |    75 |   128 ||   224
Block: Buckler           |     4 |    27 |    38 ||    69
       Kite shield       |       |       |    25 ||    25

Table legend: (Time is in decaauts)
 A = Elapsed time spent in this place.
 B = Non-inter-level travel time spent in this place.
 C = Inter-level travel time spent in this place.
 D = Time resting spent in this place.
 E = Time spent auto-exploring this place.
 F = Levels seen in this place.
 G = Mean time per level.
                   A        B        C        D        E       F      G
               +--------+--------+--------+--------+--------+-----+--------+
         Total |   7438 |   7145 |    293 |    568 |   5086 |  11 |  676.2 |
       Dungeon |   6871 |   6586 |    285 |    568 |   4705 |   9 |  763.4 |
        Temple |     51 |     43 |      8 |      0 |     30 |   1 |   51.0 |
         Sewer |    515 |    515 |      0 |      0 |    351 |   1 |  515.0 |
               +--------+--------+--------+--------+--------+-----+--------+

Top non-repeatable levels by time:
     D:5: 1448 daAuts
     D:6: 1176 daAuts
     D:4: 946 daAuts
     D:3: 885 daAuts
     D:2: 848 daAuts
     D:1: 736 daAuts
     D:7: 571 daAuts
   Sewer: 515 daAuts
     D:9: 134 daAuts
     D:8: 123 daAuts
  Temple: 51 daAuts
